cohdb
Replays
Latest Replays
All Replays
Popular Replays
Top Player Replays
Match Explorer
How It Works
Community
CoH3 Stats
Reddit
Sign in to upload your games and track your stats! →
Sign in with Steam
Match 43459057
Unlisted
Match 43459057
Overview
Messages
Build Orders
End
Pioneer Squad
Construct Infanterie Kompanie
MG 42 Machine Gun Team
Selects Mechanized Battlegroup
Grenadier Squad
Grenadier Squad
Construct Luftwaffe Kompanie
221 Scout Car
Medical Bunker
Jäger Squad
Selects Raid Package
Selects Mobile Repair Stations
Support Elements
Marder III M Tank Destroyer
MG 42 Machine Gun Team
Selects StuG Assault Group
Luftwaffe Officer Quarters
StuG Assault Group
Construct Panzer Kompanie
Panzer Officer Quarters
bigcheese
Gonky
Olg
rocketpossum
0
0
Comments
sign in to comment!
No comments posted yet!